 Dungeon Crawl Stone Soup version 0.23.2-30-g0e89c35649 (webtiles) character file.

Game seed: 4741133346467026377

1060 1994 the Purveyor of Pain (level 8, 0/58 HPs)
             Began as a Vampire Necromancer on June 7, 2019.
             Was an Initiate of Kikubaaqudgha.
             Slain by a wight
             ... wielding a cursed +0 dire flail
              (6 damage)
             ... on level 5 of the Dungeon on June 10, 2019.
             The game lasted 00:28:24 (7087 turns).

1994 the Purveyor of Pain (Vampire Necromancer)     Turns: 7087, Time: 00:28:25

Health: 0/58       AC:  8    Str:  9    XL:     8   Next: 6%
Magic:  9/13       EV: 12    Int: 17    God:    Kikubaaqudgha [......]
Gold:   260        SH:  0    Dex: 15    Spells: 6/14 levels left

rFire    . . .     SeeInvis +   n - +0 hand axe (elec)
rCold    + . .     Gourm    .   (no shield)
rNeg     + + .     Faith    .   y - +0 ring mail
rPois    +         Spirit   .   (no helmet)
rElec    .         Reflect  .   d - +0 cloak
rCorr    .         Harm     .   x - +0 pair of gloves
MR       +....                  A - +0 pair of boots
Stlth    ++++......             (no amulet)
HPRegen  0.09/turn              s - ring of protection from magic
MPRegen  0.13/turn              (no ring)

@: regenerating slowly
A: fangs 3, see invisible, unbreathing
a: Bat Form, Renounce Religion


You were on level 5 of the Dungeon.
You worshipped Kikubaaqudgha.
Kikubaaqudgha was noncommittal.
You were very thirsty.

You visited 2 branches of the dungeon, and saw 7 of its levels.

You collected 260 gold pieces.

Inventory:

Hand Weapons
 a - a +4 dagger
 n - a +0 hand axe of electrocution (weapon)
 p - a +0 hunting sling
Missiles
 i - 181 stones (quivered)
 t - 12 tomahawks
Armour
 d - a +0 cloak (worn)
 g - a +0 leather armour
 m - a +2 robe of cold resistance
 x - a +0 pair of gloves (worn)
 y - a +0 ring mail (worn)
 A - a +0 pair of boots (worn)
 C - a +1 robe of fire resistance
Jewellery
 r - an uncursed amulet of faith
 s - a ring of protection from magic (left hand)
Wands
 z - a wand of paralysis (10)
Scrolls
 f - 2 scrolls of blinking {unknown}
 h - 5 scrolls of teleportation
 j - 4 scrolls of remove curse {unknown}
 q - a scroll of amnesia {unknown}
 u - a scroll of enchant weapon {unknown}
 w - 2 scrolls of fog {unknown}
 B - a scroll of magic mapping {unknown}
 D - 2 scrolls of identify {unknown}
 E - a scroll of summoning {unknown}
 G - a scroll of noise {unknown}
Potions
 b - 4 potions of curing
 c - 7 potions of blood
 e - 4 potions of berserk rage {unknown}
 k - 2 potions of agility {unknown}
 l - 3 potions of might {unknown}
 o - 2 potions of lignification {unknown}
 v - 2 potions of invisibility {unknown}
 F - a potion of flight {unknown}


   Skills:
 + Level 3.0 Fighting
 + Level 4.4 Dodging
 + Level 6.4 Stealth
 + Level 3.7 Spellcasting
 - Level 3.0 Charms
 * Level 7.2 Necromancy


You had 6 spell levels left.
You knew the following spells:

 Your Spells              Type           Power        Failure   Level  Hunger
a - Pain                  Necr           ####         2%          1    None
b - Animate Skeleton      Necr           N/A          2%          1    None
c - Vampiric Draining     Necr           ####......   7%          3    ###....
d - Regeneration          Chrm/Necr      ###.......   17%         3    ###....

Your spell library contained the following spells:

 Spells                   Type           Power        Failure   Level  Hunger
 Animate Dead             Necr           N/A          22%         4    ####...
 Magic Dart               Conj           #...         41%         1    None
 Searing Ray              Conj           #.....       56%         2    ##.....
 Dazzling Spray           Conj/Hex       #.....       80%         3    ###....
 Force Lance              Conj/Tloc      #.......     99%         4    ####...
 Fulminant Prism          Conj/Hex       #.........   99%         4    ####...
 Iskenderun's Mystic Bla  Conj           #.......     99%         4    ####...


Dungeon Overview and Level Annotations

Branches:
Dungeon (6/15)             Temple (1/1) D:4

Altars:
Ashenzari
Cheibriados
Dithmenos
Elyvilon
Fedhas
Gozag
Kikubaaqudgha
Makhleb
Nemelex Xobeh
Okawaru
Qazlal
Ru
Trog
Uskayaw
Vehumet
Wu Jian
Xom
Yredelemnul
Zin
The Shining One

Annotations:
D:3 phantom


Innate Abilities, Weirdness & Mutations

You heal slowly.
You have razor-sharp teeth.
You have supernaturally acute eyesight. (SInv)
You can survive without breathing.


Message History

Your skin is crawling a little less now.
Your skin stops crawling.
You closely miss the wight.
The wight is heavily damaged.
The wight hits you with a cursed +0 dire flail!
* * * LOW HITPOINT WARNING * * *
Wield which item (- for none, * to show all)? (? for menu, Esc to quit)
Okay, then.
Unknown command.
Evoke which item? (* to show all) (? for menu, Esc to quit)
Okay, then.
Unknown command.
Evoke which item? (* to show all) (? for menu, Esc to quit)
Aiming: Paralyse
Press: ? - help, Shift-Dir - straight line, f - wight
Aim: a wight, wielding a +0 dire flail and wearing a +0 robe (heavily damaged, chance to defeat MR: 46%)
The wight resists with some effort.
The wight hits you with a cursed +0 dire flail.
You die...
Kikubaaqudgha rasps: "You have failed me!
Welcome... oblivion!"

#### ########## ...#
#######........####
...#####..............##.#
...##....#####....z......#
..###.#########.####.#.###
...##.###........z...#.#
.#........#####.@#####.##
.....########....>......#
..............##..###.#.#
.#..........###...###.#.####
.#.........###..#.##..#....#
.#..............#..#.#####.######
.#.%...........###.#.# #.......
.#.............# #.#.# #.......
#########..#...# #...# ##......


You could see a wight.

Vanquished Creatures
  Prince Ribbit (D:5)
  A black bear (D:6)
  2 ogres
  A wight (D:5)
  2 crimson imps (D:5)
  2 orc priests (D:3)
  A jelly (D:6)
  2 hounds
  2 centaur skeletons
  An iguana (D:6)
  2 orc wizards
  3 worker ants
  5 adders
  A shadow imp (D:5)
  2 oozes
  3 worms
  A dart slug (D:1)
  4 leopard geckos
  8 orcs
  3 bats
  5 giant cockroaches
  6 goblins
  10 hobgoblins
  10 jackals
  2 quokkas (D:3)
  3 ball pythons
  6 frilled lizards
  3 kobolds
  7 rats
99 creatures vanquished.

Notes
Turn   | Place    | Note
-------+----------+-------------------------------------------
     0 | D:1      | 1994 the Vampire Necromancer began the quest for the Orb.
     0 | D:1      | Reached XP level 1. HP: 13/13 MP: 3/3
     3 | D:1      | Learned a level 1 spell: Animate Skeleton
   838 | D:1      | Reached XP level 2. HP: 17/20 MP: 3/5
  1848 | D:2      | Reached XP level 3. HP: 24/25 MP: 3/6
  2003 | D:2      | Learned a level 3 spell: Vampiric Draining
  2522 | D:2      | Reached skill level 1 in Fighting
  2522 | D:2      | Reached skill level 5 in Necromancy
  2834 | D:3      | Reached XP level 4. HP: 7/32 MP: 2/7
  3273 | D:3      | Learned a level 3 spell: Regeneration
  3776 | D:3      | Noticed a phantom
  3935 | D:3      | Found a bloodstained altar of Trog.
  4236 | D:3      | Reached skill level 1 in Charms
  4236 | D:3      | Reached XP level 5. HP: 31/37 MP: 0/8
  4958 | D:4      | Reached XP level 6. HP: 41/44 MP: 3/10
  5182 | D:4      | Found a staircase to the Ecumenical Temple.
  5189 | Temple   | Entered the Ecumenical Temple
  5370 | Temple   | Became a worshipper of Kikubaaqudgha
  5470 | D:5      | Entered Level 5 of the Dungeon
  5528 | D:5      | Noticed Prince Ribbit
  5533 | D:5      | Killed Prince Ribbit
  5533 | D:5      | Reached skill level 5 in Stealth
  5533 | D:5      | Reached skill level 6 in Necromancy
  5674 | D:5      | Reached XP level 7. HP: 47/50 MP: 11/11
  6020 | D:5      | Found a glowing golden altar of the Shining One.
  6468 | D:6      | Reached skill level 7 in Necromancy
  6784 | D:6      | Reached XP level 8. HP: 47/57 MP: 5/13
  7087 | D:5      | Slain by a wight

Skill      XL: |  1  2  3  4  5  6  7  8 |
---------------+-------------------------+-----
Fighting       | 1 2 3 |  3.0
Necromancy     | 5 6 7 |  7.2
Stealth        | 4 5 6 |  6.4
Dodging        | 3 4 |  4.4
Charms         | 1 2 3 |  3.0
Spellcasting   | 3 |  3.7

Action                   |  1- 3 |  4- 6 |  7- 9 || total
-------------------------+-------+-------+-------++-------
Melee: Unarmed           |    21 |       |       ||    21
       Bite              |     4 |       |    11 ||    15
       Dagger            |     9 |    24 |    83 ||   116
       Hand axe          |       |       |    24 ||    24
Throw: Stone             |     7 |     1 |       ||     8
 Cast: Pain              |    69 |    77 |    42 ||   188
       Vampiric Draining |       |     8 |     7 ||    15
       Regeneration      |       |     2 |    13 ||    15
       Animate Skeleton  |       |       |     2 ||     2
 Abil: End Transformatio |       |       |     1 ||     1
       Bat Form          |       |       |     1 ||     1
Evoke: Wand              |       |       |     1 ||     1
  Use: Potion            |     4 |     7 |     4 ||    15
       Scroll            |       |     1 |       ||     1
 Stab: Sleeping          |     1 |     6 |     2 ||     9
  Eat: Corpse            |       |     2 |     1 ||     3
Armor: Leather armour    |    14 |     6 |       ||    20
       Ring mail         |       |     3 |    51 ||    54
Dodge: Dodged            |    25 |    19 |    83 ||   127
